[Event "ICC tourney 2743 (40 10)"]
[Site "Internet Chess Club"]
[Date "2021.11.20"]
[Round "5"]
[White "TANG, ZOEY:WonderZ"]
[Black "FILIPOVICH, DAVID MICHAEL:dmfcan"]
[Result "1/2-1/2"]
[ICCResult "Game drawn by mutual agreement"]
[WhiteElo "2081"]
[BlackElo "2050"]
[Opening "Robatsch defense"]
[ECO "A40"]
[NIC "KF.05"]
[Time "20:00:13"]
[PlyCount "102"]
[TimeControl "2400+10"]

1. d4 g6 2. e4 Bg7 3. Nc3 c6 4. f4 d5 5. e5 Nh6 6. Nf3 Qb6 7. Be2 Bg4 8. Na4
Qa5+ 9. c3 Nd7 10. b4 Qc7 11. Be3 f6 12. O-O O-O 13. Nb2 a5 14. a3 Nf5 15.
Bf2 fxe5 16. Nxe5 Bxe2 17. Qxe2 Nf6 18. Nbd3 Ne4 19. Nc5 Nxc5 20. bxc5 Bxe5
21. fxe5 b6 22. cxb6 Qxb6 23. Rab1 Qc7 24. c4 Rab8 25. cxd5 cxd5 26. Rbc1
Qd7 27. e6 Qb7 28. Rc5 Nd6 29. Bg3 Rxf1+ 30. Qxf1 Rf8 31. Qe1 Nc4 32. Rc7
Qb2 33. Rxe7 Qxd4+ 34. Bf2 Qf6 35. Rd7 Re8 36. e7 Qf5 37. Rd8 Kf7 38. Rxe8
Kxe8 39. Bc5 Qe5 40. Qf1 Qf5 41. Qc1 Qc8 42. Bd4 Kxe7 43. Qg5+ Kd6 44. Qf6+
Qe6 45. Qd8+ Qd7 46. Qf8+ Kc6 47. h3 Qf5 48. Qc5+ Kd7 49. Qa7+ Kc6 50. Qc5+
Kd7 51. Qa7+ Kc6 {Game drawn by mutual agreement} 1/2-1/2

[Event "ICC tourney 2743 (40 10)"]
[Site "Internet Chess Club"]
[Date "2021.11.20"]
[Round "5"]
[White "IVANOV, ALEXANDER:marble"]
[Black "FANG, JADEN:SaltyCarrot777"]
[Result "0-1"]
[ICCResult "White forfeits on time"]
[WhiteElo "2429"]
[BlackElo "2048"]
[Opening "Sicilian defense"]
[ECO "B30"]
[NIC "SI.31"]
[Time "20:00:13"]
[PlyCount "132"]
[TimeControl "2400+10"]

1. e4 c5 2. Nf3 Nc6 3. Nc3 Nf6 4. Bb5 g6 5. e5 Ng4 6. Bxc6 dxc6 7. h3 Nh6 8.
g4 Bg7 9. d3 O-O 10. Bf4 f6 11. Qd2 Nf7 12. O-O-O fxe5 13. Bg3 Bh6 14. g5
Bg7 15. Rde1 c4 16. dxc4 Qxd2+ 17. Nxd2 Nxg5 18. Bxe5 Rxf2 19. Bxg7 Kxg7 20.
Rxe7+ Kf8 21. Rc7 Rf7 22. Rxf7+ Kxf7 23. h4 Ne6 24. Nce4 Ke7 25. Nf3 Bd7 26.
h5 gxh5 27. Rxh5 Rh8 28. Ne5 Ng7 29. Rh6 Nf5 30. Rh1 Be8 31. Nc5 b6 32. Ncd3
h5 33. c5 bxc5 34. Nxc5 Rh6 35. Re1 Kf6 36. Ned3 Rh8 37. Nf4 Kg5 38. Nfe6+
Kf6 39. Nf4 Kg5 40. Nce6+ Kf6 41. Nh3 Bd7 42. Nef4 Be8 43. Re6+ Kg7 44. Re5
Kf6 45. Ra5 Rh7 46. b4 Rb7 47. a3 Rh7 48. Kd2 Re7 49. Ra6 Ke5 50. Nd3+ Kf6
51. Nhf4 Kg5 52. Nh3+ Kf6 53. Ndf4 Ke5 54. Kc3 Ne3 55. Nd3+ Kf5 56. Ra5+ Kg4
57. Nhf2+ Kf3 58. Rg5 Nd5+ 59. Kd4 h4 60. Rf5+ Kg2 61. Rg5+ Kf3 62. Nh3 Re4+
63. Kc5 Ke3 64. Rg2 Kf3 65. Rg8 Ke3 66. Ng5 Nf6 {White forfeits on time} 0-1

[Event "ICC tourney 2743 (40 10)"]
[Site "Internet Chess Club"]
[Date "2021.11.20"]
[Round "5"]
[White "CHUBAKOV, SULTAN:schubakov"]
[Black "LIU, ERIC CHANG:el008"]
[Result "1/2-1/2"]
[ICCResult "Game drawn by repetition"]
[WhiteElo "2025"]
[BlackElo "1946"]
[Opening "Catalan: closed, main line"]
[ECO "E09"]
[NIC "CA.04"]
[Time "20:00:11"]
[PlyCount "106"]
[TimeControl "2400+10"]

1. d4 d5 2. c4 e6 3. Nf3 Nf6 4. g3 Be7 5. Bg2 O-O 6. O-O Nbd7 7. Qc2 c6 8.
Nbd2 b6 9. e4 dxc4 10. Nxc4 Bb7 11. h4 b5 12. Ne3 c5 13. e5 Nd5 14. Nxd5
Bxd5 15. Ng5 Bxg5 16. Bxg5 Qc8 17. Bxd5 exd5 18. dxc5 Nxe5 19. Qe2 Re8 20.
Rfe1 Qxc5 21. Rac1 Qb4 22. Kg2 Re6 23. a3 Qa4 24. Qd2 Rae8 25. Qxd5 Qg4 26.
Qe4 Qh5 27. Qd5 Qg6 28. Rxe5 h6 29. Bf4 Rxe5 30. Bxe5 Qf5 31. Re1 Kh7 32.
Qxb5 Re6 33. Qd5 f6 34. Qe4 Rxe5 35. Qxf5+ Rxf5 36. Re7 Rb5 37. Rxa7 Rxb2
38. h5 Rb3 39. a4 Kg8 40. a5 Kf8 41. a6 Ra3 42. Kh3 Ra4 43. g4 Ra3+ 44. Kg2
Kg8 45. f3 Kf8 46. Kg3 Ra4 47. Kf2 Ra3 48. Ke2 Kg8 49. Kf2 Kf8 50. Kg3 Ra4
51. Kf2 Ra3 52. Ke2 Kg8 53. Kf2 Kf8 {Game drawn by repetition} 1/2-1/2

[Event "ICC tourney 2743 (40 10)"]
[Site "Internet Chess Club"]
[Date "2021.11.20"]
[Round "5"]
[White "LIU, PATRICK PEIJUN:JunlinTheWorld"]
[Black "Chakrabarti, Brejesh:Kochi222"]
[Result "0-1"]
[ICCResult "White checkmated"]
[WhiteElo "1989"]
[BlackElo "2016"]
[Opening "King's Indian: East Indian defense"]
[ECO "A48"]
[NIC "QP.06"]
[Time "20:00:13"]
[PlyCount "136"]
[TimeControl "2400+10"]

1. d4 Nf6 2. Nf3 g6 3. Nbd2 Bg7 4. e4 d6 5. Bb5+ c6 6. Bd3 O-O 7. O-O Nbd7
8. c3 e5 9. Re1 Qe7 10. a4 Re8 11. b3 Nf8 12. Ba3 Qc7 13. Nc4 c5 14. b4 b6
15. Rb1 Bg4 16. Rc1 Nh5 17. h3 Bxf3 18. Qxf3 Nf4 19. Bf1 N8e6 20. bxc5 bxc5
21. dxe5 dxe5 22. g3 Ng5 23. Qg4 h5 24. Qd1 Red8 25. Qc2 Nf3+ 26. Kh1 Nxe1
27. Rxe1 Ne6 28. Ne3 Rab8 29. Nd5 Qb7 30. Bc4 Kh8 31. h4 Qc6 32. Rd1 Nc7 33.
Kh2 Nxd5 34. Bxd5 Qc7 35. Qe2 Rbc8 36. Rb1 Qe7 37. Qa6 Rc7 38. Kg2 Qd6 39.
Qc4 f5 40. f3 f4 41. Bc1 Rf8 42. Bd2 Qf6 43. Qe2 g5 44. hxg5 Qxg5 45. Rh1
Qxg3+ 46. Kf1 Rf6 47. Be1 Qg6 48. Qh2 Kh7 49. c4 Rb6 50. a5 Rb3 51. Ke2 Rb2+
52. Bd2 Bh6 53. Rg1 Bg5 54. Qh3 Kh6 55. Be6 Rcb7 56. Bd5 Rb8 57. Qd7 Ra2 58.
Bf7 Qf6 59. Rh1 Rd8 60. Rxh5+ Kg7 61. Bd5+ Rxd7 62. Rh1 Rxd5 63. cxd5 c4 64.
Rc1 Qa6 65. Ke1 c3 66. Rxc3 Bh4+ 67. Kd1 Qf1+ 68. Be1 Qxe1# {White
checkmated} 0-1